 Dungeon Crawl Stone Soup version 0.22.1-6-g1668fe2c40 (webtiles) character file.

4 Kohma the Ducker (level 1, -1/9 HPs)
             Began as a Spriggan Venom Mage on Jan 21, 2019.
             Slain by a leopard gecko (3 damage)
             ... on level 1 of the Dungeon.
             The game lasted 00:02:04 (268 turns).

Kohma the Ducker (Spriggan Venom Mage)               Turns: 268, Time: 00:02:04

Health: -1/9       AC:  2    Str:  4    XL:     1   Next: 50%
Magic:  1/5        EV: 18    Int: 16    God:
Gold:   10         SH:  0    Dex: 16    Spells: 4/5 levels left

rFire    . . .     SeeInvis +   e - +0 short sword (freeze)
rCold    . . .     Gourm    .   (shield restricted)
rNeg     . . .     Faith    .   a - +0 robe
rPois    .         Spirit   .   (helmet restricted)
rElec    .         Reflect  .   (no cloak)
rCorr    .         Harm     .   (gloves unavailable)
MR       .....                  (boots unavailable)
Stlth    ++........             (no amulet)
HPRegen  0.03/turn              (no ring)
MPRegen  0.09/turn              (no ring)

@: very quick
A: very small, unfitting armour, see invisible, herbivore, speed 3, slow
metabolism 2
a: no special abilities


You were on level 1 of the Dungeon.
You were not hungry.

You visited 1 branch of the dungeon, and saw 1 of its levels.

You collected 10 gold pieces.

Inventory:

Hand Weapons
 e - a +0 short sword of freezing (weapon)
Missiles
 b - 2 stones (quivered)
Armour
 a - a +0 robe (worn)
Scrolls
 d - a scroll of magic mapping {unknown}
 f - a scroll of random uselessness {unknown}
Potions
 g - 2 potions of might {unknown}
Comestibles
 c - a ration


   Skills:
 + Level 3.2 Dodging
 + Level 3.0 Stealth
 + Level 2.9 Spellcasting
 + Level 0.6 Conjurations
 + Level 3.0 Poison Magic


You had 4 spell levels left.
You knew the following spells:

 Your Spells              Type           Power        Failure   Level  Hunger
a - Sting                 Conj/Pois      #...         9%          1    #......

Your spell library contained the following spells:

 Spells                   Type           Power        Failure   Level  Hunger
 Poisonous Vapours        Pois/Air       #.....       16%         2    ##.....
 Mephitic Cloud           Conj/Pois/Air  #.......     34%         3    ###....
 Olgreb's Toxic Radiance  Pois           ##......     47%         4    #####..
 Venom Bolt               Conj/Pois      #.........   94%         5    ######.


Dungeon Overview and Level Annotations

Branches:
Dungeon (1/15)

Altars:


Innate Abilities, Weirdness & Mutations

You are very small and have problems with some larger weapons.
You are too small for most types of armour.
You have supernaturally acute eyesight. (SInv)
You are a herbivore.
You cover ground extremely quickly.
You need to consume almost no food.


Message History

Press: ? - help, Shift-Dir - straight line, f/p - leopard gecko
Aim: a leopard gecko (clinging)
The sting hits the leopard gecko.
The leopard gecko appears unharmed.
The leopard gecko hisses menacingly.
Casting: Sting (safe; 9% risk of failure)
Confirm with . or Enter, or press ? or * to list all spells.
Aiming: Sting (safe; 9% risk of failure)
Press: ? - help, Shift-Dir - straight line, f/p - leopard gecko
Aim: a leopard gecko The sting misses the leopard gecko.
You barely miss the leopard gecko. The leopard gecko misses you.
You closely miss the leopard gecko. The leopard gecko barely misses you.
You hit the leopard gecko. You freeze the leopard gecko.
The leopard gecko is severely wounded.
The leopard gecko bites you. x2
* * * LOW HITPOINT WARNING * * *
You hit the leopard gecko but do no damage.
The leopard gecko is severely wounded.
The leopard gecko bites you.
You die...

.......##...##...##...#..
........#....###.###....#.
........#.#### #.# ####...
.......#..## ##.## ##....
##### #...###...###...l#
##.......<........#
#....###...###....#
######...## ##.## ##...#
.......@#### #.# ####..#
....#...l..###.###.....#
### #.##...##...##...#.#
#. ##..#.....#.#.... #.
#..........#...# ..
#.#.#........... .
...........##.###
###.......#.####
#.......#.#


You could see a leopard gecko.

Vanquished Creatures
  A bat (D:1)
  A goblin (D:1)
  A kobold (D:1)
3 creatures vanquished.

Notes
Turn   | Place    | Note
-------+----------+-------------------------------------------
     0 | D:1      | Kohma the Spriggan Venom Mage began the quest for the Orb.
     0 | D:1      | Reached XP level 1. HP: 9/9 MP: 5/5
   268 | D:1      | Slain by a leopard gecko

Action                   || total
-------------------------++-------
Melee: Short sword       ||     7
 Cast: Sting             ||    18
Armor: Robe              ||     1
Dodge: Dodged            ||     8
